 Dungeon Crawl Stone Soup version 0.27.1-1-g398f81649c (webtiles) character file.

Game seed: 10524761548257767860

43 phibes the Stinger (level 3, 0/21 HPs)
             Began as an Octopode Venom Mage on Sept 11, 2021.
             Killed from afar by an orc wizard (9 damage)
             ... with a puff of flame
             ... on level 1 of the Dungeon.
             The game lasted 00:32:53 (1344 turns).

phibes the Stinger (Octopode Venom Mage)            Turns: 1344, Time: 00:32:53

Health: 0/21       AC:  1    Str: 13    XL:     3   Next: 58%
Magic:  2/6        EV: 13    Int: 17    God:
Gold:   41         SH:  0    Dex: 13    Spells: 6/7 levels left

rFire    . . .     SeeInvis .   (no weapon)
rCold    . . .     Faith    .   (no shield)
rNeg     . . .     Spirit   .   (helmet restricted)
rPois    .         Reflect  .   (no amulet)
rElec    .         Harm     .   e - +6 ring of strength
rCorr    .         Rampage  .   (no ring)
Will     .....                  (no ring)
Stlth    +++.......             (no ring)
HPRegen  0.07/turn              (no ring)
MPRegen  0.10/turn              (no ring)
                                (no ring)
                                (no ring)

@: no status effects
A: almost no armour, amphibious, 8 rings, camouflage 1, gelatinous body 1,
(nimble swimmer 1), tentacles
a: no special abilities


You were on level 1 of the Dungeon.
You visited 1 branch of the dungeon, and saw 2 of its levels.

You collected 77 gold pieces.
You spent 36 gold pieces at shops.

Inventory:

Armour
 a - a +0 robe
Jewellery
 e - a +6 ring of strength (left tentacle)
Scrolls
 b - 3 scrolls of teleportation
 c - a scroll of immolation {unknown}
Potions
 d - a potion of degeneration {unknown}
 f - a potion of berserk rage {unknown}


   Skills:
 + Level 2.1 Dodging
 + Level 3.1 Stealth
 + Level 2.5 Spellcasting
 + Level 1.1 Transmutations
 + Level 4.5 Poison Magic


You had 6 spell levels left.
You knew the following spells:

 Your Spells              Type           Power      Damage    Failure   Level
a - Sting                 Tmut/Pois      44%        1d5       5%          1

Your spell library contained the following spells:

 Spells                   Type           Power      Damage    Failure   Level
 Poisonous Vapours        Pois/Air       18%        N/A       11%         2
 Olgreb's Toxic Radiance  Pois           17%        N/A       28%         4
 Mephitic Cloud           Conj/Pois/Air  7%         N/A       30%         3


Dungeon Overview and Level Annotations

Branches:
Dungeon (2/15)

Altars:

Shops:
D:1 ?


Innate Abilities, Weirdness & Mutations

You cannot wear most types of armour.
You are amphibious.
You can wear up to eight rings at the same time.
Your skin changes colour to match your surroundings (Stealth+).
Your rubbery body absorbs attacks. (AC +1, EV +1)
((You are camouflaged near water. (Stealth+)))
You have tentacles for arms and can constrict up to eight enemies at once.


Message History

Press: ? - help, Shift-Dir - straight line, f - orc wizard
Aim: an orc wizard, wielding a +0 dagger and wearing a +0 robe (64% to hit)
The sting misses the orc wizard.
Casting: Sting (safe; 5% risk of failure)
Confirm with . or Enter, or press ? or * to list all spells.
Aiming: Sting (safe; 5% risk of failure)
Press: ? - help, Shift-Dir - straight line, f/p - orc wizard
Aim: an orc wizard, wielding a +0 dagger and wearing a +0 robe (64% to hit)
The sting hits the orc wizard.
The orc wizard is poisoned.
The orc wizard is moderately wounded.
The orc wizard hits you with a +0 dagger.
Casting: Sting (safe; 5% risk of failure)
Confirm with . or Enter, or press ? or * to list all spells.
Aiming: Sting (safe; 5% risk of failure)
Press: ? - help, Shift-Dir - straight line, f/p - orc wizard
Aim: an orc wizard, wielding a +0 dagger and wearing a +0 robe (moderately wounded, poisoned, 64% to hit)
The sting misses the orc wizard.
The orc wizard misses you.
Casting: Sting (safe; 5% risk of failure)
Confirm with . or Enter, or press ? or * to list all spells.
Aiming: Sting (safe; 5% risk of failure)
Press: ? - help, Shift-Dir - straight line, f/p - orc wizard
Aim: an orc wizard, wielding a +0 dagger and wearing a +0 robe (moderately wounded, poisoned, 64% to hit)
The sting hits the orc wizard.
The orc wizard looks even sicker.
The orc wizard is severely wounded.
The orc wizard gestures at you while chanting.
The magic dart hits you!
There is a stone staircase leading up here.
The orc wizard closely misses you.
You climb upwards.
There is a stone staircase leading down here.
Casting: Sting (safe; 5% risk of failure)
Confirm with . or Enter, or press ? or * to list all spells.
Aiming: Sting (safe; 5% risk of failure)
Press: ? - help, Shift-Dir - straight line, f - orc wizard
Aim: an orc wizard, wielding a +0 dagger and wearing a +0 robe (severely wounded, very poisoned, 64% to hit)
The sting hits the orc wizard.
The orc wizard looks even sicker.
The orc wizard is almost dead.
The orc wizard points at you and mumbles some strange words.
The puff of flame hits you!
You die...

.# #.####.....#......≈≈≈≈≈≈≈≈≈
.# #.# ##.....#..≈.≈..≈≈≈.≈≈. .#
#.# #..(..##..≈.≈≈.≈.≈≈.. .#
##.# #.#..###...≈≈≈≈≈.≈...
.#####..# #.....#......≈≈....≈.
...)...## #.##....###......≈≈≈≈
.#####.# ######### ###########
.# #.# #o....# .# ####### .#
#.########.@...###.# #...... .#
#........).#.......# #.#####
.#####.##########...#.### #.#
........# ##.#..# #.# ###.###.#
#.#.## #.##### #.# #.#
#.#.######......
##.###.##########.#.#..)........
#.....#...........#.#.#########.
##..###.####.###.###.#.# #.


You could see an orc wizard (very poisoned).

Vanquished Creatures
  A dart slug (D:2)
  An orc (D:2)
  5 ball pythons (D:1)
  4 bats
  6 endoplasms (D:1)
  5 goblins (D:1)
  4 hobgoblins (D:1)
  3 kobolds (D:1)
  4 rats
33 creatures vanquished.

Notes
Turn   | Place    | Note
-------+----------+-------------------------------------------
     0 | D:1      | phibes the Octopode Venom Mage began the quest for the Orb.
     0 | D:1      | Reached XP level 1. HP: 11/11 MP: 3/3
   150 | D:1      | Reached skill level 4 in Poison Magic
   192 | D:1      | Reached XP level 2. HP: 17/17 MP: 3/5
   575 | D:1      | Found Tatoqu's Magic Scroll Emporium.
   757 | D:1      | Bought a scroll of teleportation for 36 gold pieces
   784 | D:1      | Reached XP level 3. HP: 21/21 MP: 2/6
  1344 | D:1      | Killed from afar by an orc wizard

Illustrated notes

Levels and vault maps discovered:
D:1:      dpeg_arrival_more_subterranean_lakeside_camping, layout_loops_ring,
          serial_shops, nicolae_shop_statue_plus
D:2:      layout_loops_cross, kennysheep_generic_room_11

Skill      XL: |  1  2 |
---------------+-------+-----
Poison Magic   | 4 |  4.5
Stealth        | 3 |  3.1
Dodging        | |  2.1
Spellcasting   | |  2.5
Transmutations | |  1.1

Action                   || total
-------------------------++-------
 Cast: Sting             ||    46
Armor: Skin              ||     3
Dodge: Dodged            ||    15
